 Dungeon Crawl Stone Soup version 0.21.0-3-g78d12a8 (webtiles) character file.

333 Vosmos the Conjurer (level 6, 0/33 HPs)
             Began as a Deep Elf Conjurer on Jan 15, 2018.
             Was an Initiate of Sif Muna.
             Slain by an orc wizard
             ... wielding a +0 dagger
              (2 damage)
             ... on level 4 of the Dungeon.
             The game lasted 00:58:31 (5246 turns).

Vosmos the Conjurer (Deep Elf Conjurer)             Turns: 5246, Time: 00:58:32

Health: 0/33       AC: -2    Str:  5    XL:     6   Next: 27%
Magic:  12/15      EV: 13    Int: 20    God:    Sif Muna [......]
Gold:   213        SH:  0    Dex: 17    Spells: 5/15 levels left

rFire    + . .     SeeInvis .   o - +1 trident (venom)
rCold    + . .     Gourm    .   (no shield)
rNeg     . . .     Faith    .   t - +0 robe
rPois    +         Spirit   .   (no helmet)
rElec    +         Reflect  .   s - +0 cloak
rCorr    +         Harm     .   (no gloves)
MR       .....                  (no boots)
Stlth    +++.......             (no amulet)
HPRegen  0.11/turn              l - -5 ring of protection
MPRegen  0.14/turn              m - ring of resist corrosion

@: resistant, very slightly contaminated
A: no striking features
a: Renounce Religion


You were on level 4 of the Dungeon.
You worshipped Sif Muna.
Sif Muna was noncommittal.
You were not hungry.

You visited 1 branch of the dungeon, and saw 4 of its levels.

You collected 213 gold pieces.

Inventory:

Hand Weapons
 f - a -2 club
 g - a +0 mace
 h - a +1 mace of protection
 i - a +0 halberd
 o - a +1 trident of venom (weapon)
Missiles
 e - 87 bolts
Armour
 a - a +0 robe
 j - a +0 cloak
 s - a +0 cloak (worn)
 t - a +0 robe (worn)
Jewellery
 l - a -5 ring of protection (left hand)
 m - a ring of resist corrosion (right hand)
 w - a cursed ring of loudness {unknown}
Wands
 r - a wand of clouds (4)
Potions
 k - a potion of ambrosia
 n - a potion of flight
 u - 2 potions of agility
Books
 b - a book of Conjurations

   Spells                             Type                      Level
   a - Magic Dart                     Conjuration                  1
   b - Searing Ray                    Conjuration                  2
   c - Dazzling Spray                 Conjuration/Hexes            3
   d - Fulminant Prism                Conjuration/Hexes            4
   e - Force Lance                    Conjuration/Translocation    4
   f - Iskenderun's Mystic Blast      Conjuration                  4
Comestibles
 c - 2 rations


   Skills:
 + Level 0.5 Fighting
 + Level 0.8 Maces & Flails
 + Level 0.7 Throwing
 + Level 3.0 Dodging
 + Level 3.6 Stealth
 + Level 5.1 Spellcasting
 + Level 6.3 Conjurations
 + Level 1.0 Hexes


You had 5 spell levels left.
You knew the following spells:

 Your Spells              Type           Power        Failure   Level  Hunger
a - Magic Dart            Conj           ####         1%          1    None
b - Searing Ray           Conj           ####..       1%          2    None
c - Dazzling Spray        Conj/Hex       ###...       8%          3    ##.....
d - Iskenderun's Mystic   Conj           ####....     9%          4    ####...


Dungeon Overview and Level Annotations

Branches:
Dungeon (4/15)
 Temple: D:4-7

Altars:
Sif Muna


Message History

Aiming: Iskenderun's Mystic Blast
Press: ? - help, Shift-Dir - straight line, f/p - orc priest
Aim: an orc priest, wielding a mace The orb of energy hits the orc priest.
You kill the orc priest!
Sif Muna accepts your kill.
The orb of energy explodes!
The mystic blast hits something.
Something hits you.
* * * LOW HITPOINT WARNING * * *
Drop what? 20/52 slots (_ for help) (? for menu, Esc to quit)
Okay, then.
Casting: Iskenderun's Mystic Blast
Confirm with . or Enter, or press ? or * to list all spells.
You can't see any susceptible monsters within range! (Use Z to cast anyway.) Unknown command.
Something hits you.
* * * LOW HITPOINT WARNING * * *
You feel protected. Something hits you.
You die...

.).........#,,,,,,*,,,,,,,,,*
....o.><...+,,,,,,*,,,,,,,,,*
.....>.....#,,,,,,*,,,,,,,,,*
....##......########,,**,,,**
###**#....###(.....#,*******
*.......#.♣..♣.#,*
#.......'(.≈≈..+,*
#.?.....'(){≈..+,*
##....###.♣.@♣.#** ######
#......# ########


There were no monsters in sight!

Vanquished Creatures
  The ghost of Aviak the Skirmisher, an amateur DrCK of Xom (D:3)
  3 orc priests
  Jessica (D:3)
  3 adders
  A gnoll (D:1)
  2 oozes
  A worm (D:2)
  A dart slug (D:1)
  3 leopard geckos
  14 orcs
  6 bats
  2 giant cockroaches
  7 hobgoblins
  4 jackals (D:2)
  A quokka (D:3)
  6 frilled lizards
  3 goblins
  7 kobolds
  4 rats
70 creatures vanquished.

Notes
Turn   | Place    | Note
-------+----------+-------------------------------------------
     0 | D:1      | Vosmos the Deep Elf Conjurer began the quest for the Orb.
     0 | D:1      | Reached XP level 1. HP: 10/10 MP: 6/6
   149 | D:1      | Learned a level 1 spell: Magic Dart
   342 | D:1      | Reached XP level 2. HP: 15/15 MP: 5/8
   346 | D:1      | Learned a level 2 spell: Searing Ray
   678 | D:1      | Reached skill level 5 in Conjurations
   953 | D:1      | Reached XP level 3. HP: 2/19 MP: 1/9
  1460 | D:1      | Learned a level 3 spell: Dazzling Spray
  2416 | D:2      | Reached XP level 4. HP: 24/24 MP: 5/11
  2758 | D:2      | Learned a level 4 spell: Iskenderun's Mystic Blast
  3409 | D:3      | Found a deep blue altar of Sif Muna.
  3592 | D:3      | Noticed Jessica
  3621 | D:3      | Became a worshipper of Sif Muna the Loreminder
  3739 | D:3      | Noticed Aviak's ghost (amateur DrCK)
  3761 | D:3      | Killed Aviak's ghost
  3761 | D:3      | Reached skill level 6 in Conjurations
  3761 | D:3      | Reached XP level 5. HP: 9/28 MP: 0/13
  4112 | D:3      | Reached skill level 1 in Hexes
  4648 | D:3      | Killed Jessica
  4648 | D:3      | Reached XP level 6. HP: 33/33 MP: 5/15
  4930 | D:4      | Reached skill level 5 in Spellcasting
  5246 | D:4      | Slain by an orc wizard

Skill      XL: |  1  2  3  4  5  6 |
---------------+-------------------+-----
Conjurations   | 5 6 |  6.3
Stealth        | 3 |  3.6
Spellcasting   | 4 5 |  5.1
Hexes          | 1 |  1.0
Dodging        | 3 |  3.0
Fighting       | |  0.5
Maces & Flails | |  0.8
Throwing       | |  0.7

Action                   |  1- 3 |  4- 6 || total
-------------------------+-------+-------++-------
Melee: Mace              |    12 |    15 ||    27
Throw: Javelin           |     4 |    14 ||    18
 Cast: Magic Dart        |    35 |    37 ||    72
       Searing Ray       |    18 |    12 ||    30
       Dazzling Spray    |     6 |     5 ||    11
       Iskenderun's Myst |       |    18 ||    18
  Use: Scroll            |     4 |     5 ||     9
       Potion            |     2 |     7 ||     9
  Eat: Chunk             |     4 |     5 ||     9
       Ration            |     1 |     2 ||     3
Armor: Robe              |    14 |     3 ||    17
       Skin              |       |     3 ||     3
Dodge: Dodged            |    61 |    21 ||    82
